 Dungeon Crawl Stone Soup version 0.30-a0-719-gcc4359ea44 (webtiles) character file.

Game seed: 11495801060734038325

919 sircluck the Ruffian (level 7, 0/67 HPs)
             Began as a Troll Gladiator on Jan 27, 2023.
             Was an Initiate of the Shining One.
             Slain by a polar bear (5 damage)
             ... created by the rage of Trog
             ... on level 6 of the Dungeon.
             The game lasted 00:31:00 (4985 turns).

sircluck the Ruffian (Troll Gladiator)              Turns: 4985, Time: 00:31:01

Health: 0/67       AC:  6    Str: 23    XL:     7   Next: 83%
Magic:  15/15      EV: 11    Int:  4    God:    the Shining One [......]
Gold:   240        SH:  5    Dex: 19    Spells: 6/6 levels left

rFire   . . .      SeeInvis .      - Unarmed
rCold   . . .      Faith    .    (no shield)
rNeg    . . .      Spirit   .    d - +2 robe {Will+}
rPois   .          Reflect  +    b - +0 hat
rElec   .          Harm     .    (no cloak)
rCorr   .          Rampage  .    (gloves unavailable)
Will    +....                    (boots unavailable)
Stlth   +                        H - amulet of reflection
HPRegen 1.11/turn                f - +6 ring of dexterity
MPRegen 0.14/turn                u - ring of magical power

@: glowing
A: large, unfitting armour, claws 3, regeneration 1, shaggy fur 1, tough skin 1
a: Renounce Religion


You were on level 6 of the Dungeon.
You worshipped the Shining One.
The Shining One was noncommittal.
You visited 2 branches of the dungeon, and saw 7 of its levels.

You collected 240 gold pieces.

Inventory:

Hand Weapons
 j - a +0 short sword of flaming
 n - a +0 sling
 q - a +0 shortbow
 z - a +2 flail of holy wrath
 P - a +0 sling
Missiles
 c - 3 throwing nets (quivered)
 g - 47 stones
 K - 7 poisoned darts
 O - a large rock
Armour
 a - a +0 robe
 b - a +0 hat (worn)
 d - a +2 robe of willpower (worn)
 i - a +0 ring mail
 D - a +0 pair of gloves
 L - a +0 helmet
Jewellery
 f - a +6 ring of dexterity (left claw)
 u - a ring of magical power (right claw)
 H - an amulet of reflection (around neck)
Wands
 A - a wand of paralysis (4)
 B - a wand of light (12)
 G - a wand of polymorph (16)
Scrolls
 e - 7 scrolls of teleportation {unknown}
 m - 2 scrolls of immolation {unknown}
 p - 5 scrolls of identify {unknown}
 r - a scroll of enchant weapon {unknown}
 t - 2 scrolls of magic mapping {unknown}
 w - a scroll of enchant armour {unknown}
 x - 2 scrolls of fog {unknown}
 y - 3 scrolls of brand weapon {unknown}
 I - a scroll of fear {unknown}
 J - a scroll of acquirement {unknown}
 M - a scroll of amnesia {unknown}
 N - a scroll of butterflies {unknown}
Potions
 h - 3 potions of berserk rage {unknown}
 k - 2 potions of haste {unknown}
 l - a potion of flight {unknown}
 o - a potion of attraction {unknown}
 s - a potion of curing {unknown}
 v - 4 potions of heal wounds {unknown}
 C - a potion of lignification {unknown}
 E - 2 potions of brilliance {unknown}
 F - 4 potions of might {unknown}


   Skills:
 + Level 3.0 Fighting
 + Level 2.0 Throwing
 + Level 3.5 Dodging
 + Level 2.0 Stealth
 + Level 0.1 Shields
 + Level 7.3 Unarmed Combat
 + Level 0.1 Evocations


You had 6 spell levels left.
You didn't know any spells.
Your spell library contained the following spells:

 Spells                   Type           Power      Damage    Failure   Level
 Slow                     Hex            0%         N/A       50%         1
 Confusing Touch          Hex            0%         N/A       86%         3
 Vampiric Draining        Necr           0%         2d6       86%         3


Dungeon Overview and Level Annotations

Branches:
Dungeon (6/15)             Temple (1/1) D:5

Altars:
Ashenzari
Dithmenos
Elyvilon
Fedhas
Gozag
Hepliaklqana
Kikubaaqudgha
Qazlal
Ru
Sif Muna
Trog
Uskayaw
Vehumet
Wu Jian
Yredelemnul
Zin
The Shining One

Shops:
D:1 ?   D:2 [


Innate Abilities, Weirdness & Mutations

You are too large for most types of armour.
You have claws for hands.
Your natural rate of healing is unusually fast.
You are covered in fur. (AC +1)
You have tough skin. (AC +1)


Message History

The polar bear barely misses you. The polar bear closely misses you.
Aiming: Polymorph
Press: ? - help, Shift-Dir - straight line, f - polar bear
Aim: a polar bear (durably summoned, berserk, will become a fire bat, an ice beast, or a queen bee, chance to affect: 49%)
Okay, then.
Aiming: Polymorph
Press: ? - help, Shift-Dir - straight line, f - polar bear
Aim: a polar bear (durably summoned, berserk, will become a fire bat, an ice beast, or a queen bee, chance to affect: 49%)
The polar bear resists with some effort.
The polar bear completely misses you. The polar bear claws you. x2
The black bear rages.
The polar bear barely misses you. The polar bear claws you.
The polar bear misses you.
Unknown command.
Attack: -) Claws
Press: ? - help, Dir - move target, f - you, p - polar bear
Okay, then.
You don't know any spells.
Press: ? - help, v - describe, . - travel
Here: a polar bear (durably summoned, berserk)
The floor.
There are monsters nearby!
You claw the polar bear!
The polar bear is lightly wounded.
The polar bear completely misses you.
The polar bear claws you but does no damage. x2
The polar bear bites you!!
* * * LOW HITPOINT WARNING * * *
You block the polar bear's attack.
The polar bear claws you but does no damage.
The polar bear closely misses you.
The polar bear claws you but does no damage.
The polar bear closely misses you.
You mangle the polar bear!!
The polar bear is severely wounded.
The polar bear bites you. The Shining One protects you from harm!
The polar bear misses you. The polar bear closely misses you.
The polar bear bites you.
You die...

# ####.#
#@hh.# #h##.#
#h# #.# #.#
#.# ###.#####
#..<....#
#.............


You could see 2 polar bears and 2 black bears.

Vanquished Creatures
  Grinder (D:5)
  Sigmund (D:5)
  A black bear (D:5)
  A centaur (D:5)
  A kobold brigand (D:4)
  A hound (D:4)
  3 jellies
  An iguana (D:5)
  3 gnolls (D:4)
  8 adders
  3 worms
  3 dart slugs
  6 orcs
  6 ball pythons
  7 bats
  6 endoplasms
  A giant cockroach (D:2)
  5 hobgoblins
  6 kobolds
  3 quokkas
  4 frilled lizards
  8 goblins
  2 rats
81 creatures vanquished.

Notes
Turn   | Place    | Note
-------+----------+-------------------------------------------
     0 | D:1      | sircluck the Troll Gladiator began the quest for the Orb.
     0 | D:1      | Reached XP level 1. HP: 19/19 MP: 0/0
   177 | D:1      | Found Ciplutagg's Magic Scroll Emporium.
   393 | D:1      | Found a faded altar of an unknown god.
   400 | D:1      | Prayed at the altar of an unknown god.
   400 | D:1      | Became a worshipper of Trog the Wrathful
   400 | D:1      | Reached * piety under Trog
   489 | D:1      | Reached XP level 2. HP: 28/28 MP: 1/1
   712 | D:1      | Reached XP level 3. HP: 35/35 MP: 2/2
  1070 | D:2      | Reached ** piety under Trog
  1292 | D:2      | Found Namigoru's Armour Shoppe.
  1301 | D:2      | Reached skill level 4 in Unarmed Combat
  1420 | D:2      | Reached XP level 4. HP: 42/42 MP: 3/3
  2747 | D:4      | Reached XP level 5. HP: 48/49 MP: 4/4
  2950 | D:4      | Reached skill level 5 in Unarmed Combat
  2971 | D:4      | Reached skill level 1 in Stealth
  3019 | D:4      | Found an ornate altar of the Wu Jian Council.
  3254 | D:4      | Reached XP level 6. HP: 42/57 MP: 5/5
  3645 | D:5      | Entered Level 5 of the Dungeon
  3831 | D:5      | Noticed Grinder
  3843 | D:5      | Killed Grinder
  3844 | D:5      | Reached skill level 6 in Unarmed Combat
  3844 | D:5      | Reached XP level 7. HP: 34/66 MP: 6/6
  3859 | D:5      | Found a staircase to the Ecumenical Temple.
  3960 | Temple   | Entered the Ecumenical Temple
  4289 | Temple   | Fell from the grace of Trog
  4378 | Temple   | Became a worshipper of the Shining One
  4554 | D:5      | Noticed Sigmund
  4570 | D:5      | Killed Sigmund
  4571 | D:5      | Reached skill level 7 in Unarmed Combat
  4979 | D:6      | Noticed a polar bear
  4979 | D:6      | Noticed a polar bear
  4985 | D:6      | The Shining One protects you from harm!
  4985 | D:6      | Slain by a polar bear

Illustrated notes

Levels and vault maps discovered:
D:1:      saegor_arrival_simple_d, layout_basic,
          dilly_ecumenical_altar_fadedgnrine, serial_shops, shop_fountains,
          minmay_tromino_i4
D:2:      layout_loops_ring, serial_shops, shop_fountains
D:3:      layout_loops_ring, kennysheep_minor_cross,
          chequers_serial_rivers_micro_a, minmay_distorted
D:4:      layout_basic, mainiacjoe_overflow_chevrons
D:5:      layout_basic, minmay_temple_entry_drinking_statues, uniq_grinder,
          uniq_sigmund
D:6:      layout_basic, kennysheep_little_box, cheibrodos_worm_habitat,
          ebering_ghost_rock_garden, minmay_ogre_servants
Temple:   eino_temple_scatter_basement

Skill      XL: |  1  2  3  4  5  6  7 |
---------------+----------------------+-----
Unarmed Combat | 4 5 6 7 |  7.3
Fighting       | 2 3 |  3.0
Dodging        | 3 |  3.5
Stealth        | 1 2 |  2.0
Throwing       | 2 |  2.0
Shields        | |  0.1
Evocations     | |  0.1

Action                     |  1- 3 |  4- 6 |  7- 9 || total
---------------------------+-------+-------+-------++-------
  Melee: Unarmed           |    78 |   111 |    20 ||   209
         Punch             |       |     2 |     1 ||     3
  Throw: Throwing net      |     2 |       |       ||     2
         Large rock        |     1 |     2 |     1 ||     4
 Invoke: Renounce Religion |       |       |     1 ||     1
  Evoke: Wand              |       |     1 |     1 ||     2
   Stab: Sleeping          |     4 |     3 |       ||     7
 Armour: Robe              |    20 |    30 |    14 ||    64
  Dodge: Dodged            |    38 |    50 |    23 ||   111
  Block: Other             |       |     1 |    13 ||    14
         Reflection        |       |       |     2 ||     2

Table legend: (Time is in decaauts)
 A = Elapsed time spent in this place.
 B = Non-inter-level travel time spent in this place.
 C = Inter-level travel time spent in this place.
 D = Time resting spent in this place.
 E = Time spent auto-exploring this place.
 F = Levels seen in this place.
 G = Mean time per level.
                   A        B        C        D        E       F      G
               +--------+--------+--------+--------+--------+-----+--------+
         Total |   4968 |   4623 |    345 |     63 |   1347 |   7 |  709.7 |
       Dungeon |   4449 |   4104 |    345 |     63 |   1195 |   6 |  741.5 |
        Temple |    519 |    519 |      0 |      0 |    152 |   1 |  519.0 |
               +--------+--------+--------+--------+--------+-----+--------+

Top non-repeatable levels by time:
     D:1: 1034 daAuts
     D:4: 904 daAuts
     D:3: 893 daAuts
     D:5: 803 daAuts
     D:2: 799 daAuts
  Temple: 519 daAuts
     D:6: 14 daAuts
